Selects Panzerjäger Kommand Battlegroup
Selects Panzerjäger Kommand Battlegroup
Selects Panzerjäger Kommand Battlegroup
Kradschützen Motorcycle Team
Selects GrB 39 Grenade Launcher Requisition
Construct Light Support Kompanie
Panzerjäger Mechanized Group
Construct Mechanized Kompanie
Selects Defensive Positions
Selects Butterfly Bomb Drop
Marder III Tank Destroyer
Marder III Tank Destroyer
254 Reconnaissance Tractor
Marder III Tank Destroyer
Selects Crew Shock Tactics
Construct Panzerarmee Kommand
Marder III Tank Destroyer